 Dungeon Crawl Stone Soup version 0.16.1-4-g8e1b745 (console) character file.

57 gw the Ducker (level 3, -2/16 HPs)
             Began as a Felid Earth Elementalist on Mar 27, 2015.
             Slain by a goblin
             ... wielding a +0 club
             ... led by Robin
              (6 damage)
             ... on level 3 of the Dungeon.
             The game lasted 00:02:58 (2797 turns).

gw the Ducker (Felid Earth Elementalist)            Turns: 2797, Time: 00:02:58

Health: -2/16      AC:  3    Str:  4    XL:     3   Next: 73%
Magic:  0/8        EV: 18    Int: 17    God:
Gold:   140        SH:  0    Dex: 16    Spells: 3 memorised, 1 level left
                                        Lives:  0   Deaths: 1

rFire  . . .     SeeInvis +       - Unarmed
rCold  . . .     Clarity  .     (armour unavailable)
rNeg   . . .     SustAb   .     (shield unavailable)
rPois  +         Gourm    .     (helmet unavailable)
rElec  .         Spirit   .     (cloak unavailable)
rCorr  .         Warding  .     (gloves unavailable)
rMut   .         Stasis   .     (boots unavailable)
MR     .....                    e - amulet of rage
Stlth  +++.......               (no ring)
                                l - ring of poison resistance

@: exhausted, stone skin, very slightly contaminated, slowed, slow, not
resistant to hostile enchantments, fairly stealthy
A: paw claws, no armour, no weapons or thrown items, fangs 3, see invisible,
carnivore 3, speed 1, shaggy fur 1, slow metabolism 1, sharp paws
a: Evoke Berserk Rage


You were on level 3 of the Dungeon.
You were not hungry.

You visited 1 branch of the dungeon, and saw 3 of its levels.

You collected 140 gold pieces.

Inventory:

Missiles
 b - 74 stones
Jewellery
 e - an amulet of rage (around neck)
 l - a ring of poison resistance (left paw)
Scrolls
 c - 4 scrolls of identify
Potions
 f - a potion of cure mutation
 h - a potion of invisibility
Books
 d - a book of Geomancy

   Spells                             Type                      Level
   a - Sandblast                      Earth                        1
   b - Stoneskin                      Transmutation/Earth          2
   c - Passwall                       Transmutation/Earth          3
   d - Stone Arrow                    Conjuration/Earth            3
   e - Petrify                        Transmutation/Earth          4
   f - Lee's Rapid Deconstruction     Earth                        5
Comestibles
 a - 3 meat rations
 g - a beef jerky


   Skills:
 + Level 1.8 Fighting
 + Level 3.2 Dodging
 - Level 2.6 Stealth
 + Level 1.8 Unarmed Combat
 * Level 2.9 Spellcasting
 - Level 1.1 Transmutations
 + Level 3.0 Earth Magic


You had one spell level left.
You knew the following spells:

 Your Spells              Type           Power        Failure   Level  Hunger
a - Sandblast             Erth           ##....       6%          1    None
b - Stoneskin             Trmt/Erth      #.......     14%         2    ##.....
c - Stone Arrow           Conj/Erth      #.....       30%         3    ###....


Dungeon Overview and Level Annotations

Branches:
Dungeon (3/15)

Altars:

Annotations:
D:3 Robin


Innate Abilities, Weirdness & Mutations

You cannot wear armour.
You are incapable of wielding weapons or throwing items.
You have razor-sharp teeth.
You have supernaturally acute eyesight.
You are carnivorous and can eat meat at any time.
You cover ground quickly.
You are covered in fur (AC +1).
You have a slow metabolism.
Your paws have sharp claws that are effective at stabbing.


Message History

Confirm with . or Enter, or press ? or * to list all spells.
Your skin feels harder.
The goblin completely misses you. The goblin barely misses you.
The goblin closely misses you.
Eat which item? (? for menu, Esc to quit)
You don't have any such object.
Eat which item? (? for menu, Esc to quit)
You can't eat that!
Unknown command.
Unknown command.
Unknown command.
Casting: Stoneskin
Confirm with . or Enter, or press ? or * to list all spells.
Aiming: Sandblast
Press: ? - help, Shift-Dir - straight line, f - goblin
Aim: a goblin You miscast Sandblast.
You are very lightly contaminated with residual magic.
Nothing appears to happen.
The goblin hits you. The goblin barely misses you.
The goblin hits you with a club.
You die...

.# .## ... ... .#
#.. .# ##.. .. .#
#...# ##... .#
##.#.## ###ggg....
.# #..)..###hgg# ##
#..>....gg###
##......####
####......#######
#.........)%....#
#...#.....#####...#
#.........###. .
#.............#
#.##...##.#####


You could see Robin, 2 hobgoblins and 4 goblins.

Table legend:
 A = Turns spent in this place as a percentage of turns spent in the entire game.
 B = Non-inter-level travel turns spent in this place as a percentage of non-inter-level travel turns spent in the entire game.
 C = Inter-level travel turns spent in this place as a percentage of turns spent in this place.
 D = Turns resting spent in this place as a percentage of non-inter-level travel turns spent in this place.
 E = Turns spent auto-exploring this place as a percentage of non-inter-level travel turns spent in this place.
 F = Non-inter-level travel turns spent in this place divided by the number of levels of this place that you've seen.
                   A       B       C       D       E      F
               +-------+-------+-------+-------+-------+----------------------
         Total | 100.0 | 100.0 |   0.8 |   2.7 |   2.4 | 1400.3
       Dungeon | 100.0 | 100.0 |   0.8 |   2.7 |   2.4 | 1400.3
               +-------+-------+-------+-------+-------+----------------------

Table legend:
 A = Kills in this place as a percentage of kills in entire the game.
 B = Kills by you in this place as a percentage of kills by you in the entire game.
 C = Kills by friends in this place as a percentage of kills by friends in the entire game.
 D = Other kills in this place as a percentage of other kills in the entire game.
 E = Experience gained in this place as a percentage of experience gained in the entire game.
 F = Experience gained in this place divided by the number of levels of this place that you have seen.
                   A       B       C       D       E      F
               +-------+-------+-------+-------+-------+----------------------
         Total | 100.0 | 100.0 |  -nan |  -nan | 100.0 |  48.3
       Dungeon | 100.0 | 100.0 |  -nan |  -nan | 100.0 |  48.3
               +-------+-------+-------+-------+-------+----------------------

Vanquished Creatures
  Ijyb (D:3)
  Terence (D:2)
  2 adders
  A giant gecko (D:2)
  2 orcs (D:3)
  A ball python (D:1)
  11 bats
  10 goblins
  7 hobgoblins
  5 giant newts
  6 kobolds
  10 rats
57 creatures vanquished.

Notes
Turn   | Place    | Note
--------------------------------------------------------------
     0 | D:1      | gw, the Felid Earth Elementalist, began the quest for the Orb.
     0 | D:1      | Reached XP level 1. HP: 7/7 MP: 4/4
   460 | D:1      | Reached XP level 2. HP: 12/12 MP: 2/5
   495 | D:1      | Learned a level 2 spell: Stoneskin
   927 | D:1      | Reached skill level 3 in Dodging
  1212 | D:2      | Reached skill level 1 in Fighting
  1313 | D:2      | Reached skill level 1 in Unarmed Combat
  1349 | D:2      | Reached XP level 3. HP: 15/15 MP: 0/8
  1422 | D:2      | Learned a level 3 spell: Stone Arrow
  1543 | D:2      | Noticed Terence
  1564 | D:2      | Killed Terence
  2080 | D:2      | Lost strength.
  2085 | D:3      | Noticed Ijyb
  2104 | D:3      | Killed Ijyb
  2104 | D:3      | Reached XP level 4. HP: 4/19 MP: 2/11
  2468 | D:3      | HP: 1/28 [worker ant (2)]
  2470 | D:3      | Slain by a worker ant
  2471 | D:3      | Reached XP level 3. HP: -3/24 MP: 1/8
  2772 | D:3      | Noticed Robin
  2797 | D:3      | Slain by a goblin

Action                   |  1- 3 |  4- 6 || total
-------------------------+-------+-------++-------
Melee: Unarmed           |    51 |     2 ||    53
 Cast: Sandblast         |    71 |       ||    71
       Stoneskin         |    19 |     5 ||    24
 Abil: Evoke Berserk Rag |     3 |     1 ||     4
  Use: Potion            |     9 |       ||     9
       Scroll            |     7 |       ||     7
  Eat: Chunk             |    12 |     1 ||    13

Vault maps used:
D:1:      lightli_arrival_chessboard, minivault_11
D:2:      uniq_terence
D:3:      first_bread, portal_sewer_entry_b, uniq_iyjb, uniq_robin, uniq_natasha
